 Dungeon Crawl Stone Soup version 0.31-a0-175-g9f7f995f2b (webtiles) character file.

Game seed: 17600867652372514127

317 qw the Shooter (level 6, -4/56 HPs)
             Began as a Naga Hunter on June 16, 2023.
             Slain by Pikel
             ... wielding a +0 whip of electrocution
              (16 damage)
             ... on level 4 of the Dungeon.
             The game lasted 00:01:03 (2683 turns).

qw the Shooter (Naga Hunter)                        Turns: 2683, Time: 00:01:04

Health: -4/56      AC:  4    Str: 13    XL:     6   Next: 45%
Magic:  6/6        EV: 14    Int: 10    God:
Gold:   62         SH:  0    Dex: 16    Spells: 5/5 levels left

rFire   . . .        a - +2 longbow (heavy)
rCold   . . .        (shield currently unavailable)
rNeg    . . .        c - +0 leather armour
rPois   +            g - +0 helmet
rElec   .            (no cloak)
rCorr   .            (no gloves)
SInv    +            (no barding)
Will    .....        (no amulet)
Stlth   ++           e - +5 ring of evasion
HPRegen 0.29/turn    (no ring)
MPRegen 0.10/turn

%: no passive effects
@: short of breath, very slow
A: AC +2, large, see invisible, deformed body, poison resistance, slowness 2,
spit poison 1, naga tail 1
a: Spit Poison


You were on level 4 of the Dungeon.
You visited 1 branch of the dungeon, and saw 4 of its levels.

You collected 206 gold pieces.
You spent 144 gold pieces at shops.


Innate Abilities, Weirdness & Mutations

Your serpentine skin is tough. (AC +2)
You have supernaturally acute eyesight. (SInv)
Armour fits poorly on your strangely shaped body.
Your system is resistant to poisons. (rPois)
You cover ground very slowly.
You can spit poison.
You have a snake-like lower body.


   Skills:
 + Level 3.2 Fighting
 - Level 6.4 Ranged Weapons
 - Level 1.5 Dodging
 - Level 1.5 Stealth


You had 5 spell levels left.
You didn't know any spells.
Your spell library was empty.

Inventory:

Hand Weapons
 a - a +2 heavy longbow (weapon)
Armour
 c - a +0 leather armour (worn)
 g - a +0 helmet (worn)
 h - a +0 cloak
Jewellery
 e - a +5 ring of evasion (left hand)
Scrolls
 b - 2 scrolls of identify
Potions
 d - a potion of haste
 f - 3 potions of heal wounds
 i - 2 potions of curing

Dungeon Overview and Level Annotations

Branches:
Dungeon (4/15)
 Temple: D:4-7

Altars:

Shops:
D:3 !*[!

Annotations:
D:4 Pikel


Message History

You kill the orc!
Pikel, Merchant of Souls comes into view.
He is wielding a +0 whip of electrocution.
You shoot an arrow.
Pikel shouts!
The arrow hits the lemure!
The lemure is heavily wounded.
You have got your breath back.
You hear a shout! x2
A lemure comes into view.
2679 ||| INVOKING Spit Poison.
Aiming: Spit Poison (1% risk of failure)
Press: ? - help, Shift-Dir - straight line, f/p - lemure The splash of poison hits the lemure.
The lemure is poisoned.
The lemure is severely wounded.
You shoot an arrow. The arrow hits the lemure.
The lemure is almost dead.
A lemure comes into view.
The lemure barely misses you. The orc completely misses you.
The orc closely misses you. The lemure barely misses you.
You shoot an arrow. The arrow misses the lemure.
The lemure shouts!
The arrow hits Pikel.
Pikel is lightly wounded.
You have got your breath back.
A lemure comes into view.
The orc hits you with a +3 hand axe. x2
2682 ||| INVOKING Spit Poison.
Aiming: Spit Poison (1% risk of failure)
Press: ? - help, Shift-Dir - straight line, f/p - lemure The splash of poison misses the lemure.
The orc hits you with a +3 hand axe.
Pikel hits you with a +0 whip of electrocution.
You shoot an arrow. The arrow hits the lemure.
You kill the lemure!
That felt strangely unrewarding.
Pikel hits you with a +0 whip of electrocution!
You are electrocuted!!
The orc misses you.
Pikel hits you with a +0 whip of electrocution.
You are electrocuted!
You die...

##.....##
..##...)...##
#.#......)..###
.'....)5...'.
#.........#
#...5...#
#."Ko.# #5@(#
##'## #.# #.#
##.##
#####...##
..........#
%.###....##
..###.#.####.#


You could see Pikel, 3 lemures and an orc.

Vanquished Creatures
  An ice beast (D:4)
  A lemure (D:4)
  An orc priest (D:3)
  2 orc wizards (D:3)
  2 adders
  2 worms
  2 dart slugs
  14 orcs
  7 endoplasms
  4 giant cockroaches
  10 goblins
  9 hobgoblins
  10 jackals
  3 quokkas (D:1)
  7 ball pythons
  5 bats
  5 frilled lizards
  6 kobolds
  9 rats
100 creatures vanquished.

Notes
Turn   | Place    | Note
-------+----------+-------------------------------------------
     0 | D:1      | qw the Naga Hunter began the quest for the Orb.
     0 | D:1      | Reached XP level 1. HP: 19/19 MP: 1/1
     0 | D:1      | 0 ||| qw: Version: 0.2-a-29-g511e9b1
     0 | D:1      | 0 ||| qw: Game counter: 5774
     0 | D:1      | 0 ||| qw: Always use a shield: true
     0 | D:1      | 0 ||| qw: God list: Okawaru
     0 | D:1      | 0 ||| qw: Allow faded altars: false
     0 | D:1      | 0 ||| qw: Do Orc after D:15 true
     0 | D:1      | 0 ||| qw: Do second Lair branch before Depths: true
     0 | D:1      | 0 ||| qw: Lair rune preference: random
     0 | D:1      | 0 ||| qw: Plans: Normal
     0 | D:1      | 0 ||| PLANNING D:1-11
    23 | D:1      | 23 ||| INVOKING Spit Poison.
    26 | D:1      | 26 ||| INVOKING Spit Poison.
    29 | D:1      | 29 ||| INVOKING Spit Poison.
    33 | D:1      | 33 ||| INVOKING Spit Poison.
    36 | D:1      | Reached skill level 4 in Ranged Weapons
    36 | D:1      | Reached XP level 2. HP: 22/26 MP: 2/2
    55 | D:1      | 55 ||| INVOKING Spit Poison.
    61 | D:1      | 61 ||| INVOKING Spit Poison.
    65 | D:1      | 65 ||| INVOKING Spit Poison.
    70 | D:1      | 70 ||| INVOKING Spit Poison.
   180 | D:1      | 180 ||| INVOKING Spit Poison.
   202 | D:1      | 202 ||| INVOKING Spit Poison.
   208 | D:1      | 208 ||| INVOKING Spit Poison.
   258 | D:1      | 258 ||| INVOKING Spit Poison.
   293 | D:1      | 293 ||| INVOKING Spit Poison.
   398 | D:1      | Reached XP level 3. HP: 32/32 MP: 3/3
   405 | D:1      | 405 ||| INVOKING Spit Poison.
   409 | D:1      | 409 ||| INVOKING Spit Poison.
   434 | D:1      | 434 ||| INVOKING Spit Poison.
   436 | D:1      | 436 ||| Stepping ~*~*~tactically~*~*~ (outnumbered).
   438 | D:1      | 438 ||| INVOKING Spit Poison.
   444 | D:1      | 444 ||| INVOKING Spit Poison.
   467 | D:1      | 467 ||| INVOKING Spit Poison.
   527 | D:1      | 527 ||| INVOKING Spit Poison.
   791 | D:1      | 791 ||| UPGRADING to +5 ring of evasion.
   792 | D:1      | 792 ||| READING scroll labelled ETZEOS WOSSEA.
   793 | D:1      | 793 ||| READING scroll labelled OPNYNA EWECS.
   794 | D:1      | 794 ||| READING scroll labelled ZAMANW JOBA.
   799 | D:1      | 799 ||| DRINKING 4 bubbling orange potions.
   800 | D:1      | 800 ||| DROPPING scroll of butterflies.
   819 | D:2      | 819 ||| INVOKING Spit Poison.
  1019 | D:2      | 1019 ||| INVOKING Spit Poison.
  1093 | D:2      | 1093 ||| INVOKING Spit Poison.
  1149 | D:2      | 1149 ||| INVOKING Spit Poison.
  1173 | D:2      | 1173 ||| INVOKING Spit Poison.
  1180 | D:2      | 1180 ||| INVOKING Spit Poison.
  1186 | D:2      | 1186 ||| INVOKING Spit Poison.
  1197 | D:2      | 1197 ||| INVOKING Spit Poison.
  1201 | D:2      | Reached skill level 5 in Ranged Weapons
  1235 | D:2      | 1235 ||| INVOKING Spit Poison.
  1237 | D:2      | Reached XP level 4. HP: 39/39 MP: 4/4
  1283 | D:2      | 1283 ||| INVOKING Spit Poison.
  1294 | D:2      | 1294 ||| INVOKING Spit Poison.
  1521 | D:2      | 1521 ||| INVOKING Spit Poison.
  1593 | D:2      | 1593 ||| INVOKING Spit Poison.
  1648 | D:2      | 1648 ||| DROPPING ring of wizardry.
  1649 | D:2      | 1649 ||| READING 2 scrolls labelled MEUTOA VEEMETH.
  1650 | D:2      | 1650 ||| READING scroll labelled HEMISCH ASTUSKY.
  1650 | D:2      | Identified a scroll of acquirement
  1650 | D:2      | 1650 ||| ACQUIRING +2 heavy longbow
  1650 | D:2      | Acquired a +2 heavy longbow
  1652 | D:2      | 1652 ||| UPGRADING to +2 heavy longbow.
  1653 | D:2      | 1653 ||| DROPPING +0 shortbow.
  1704 | D:3      | 1704 ||| INVOKING Spit Poison.
  1708 | D:3      | 1708 ||| INVOKING Spit Poison.
  1718 | D:3      | Found Qatek's Assorted Antiques.
  1722 | D:3      | 1722 ||| INVOKING Spit Poison.
  1726 | D:3      | 1726 ||| INVOKING Spit Poison.
  1747 | D:3      | 1747 ||| SHOPLISTING blackened brass wand (120 gold, have
                  | 93).
  1747 | D:3      | 1747 ||| BUYING scroll of identify (60 gold).
  1747 | D:3      | Bought a scroll of identify for 60 gold pieces
  1760 | D:3      | 1760 ||| INVOKING Spit Poison.
  1762 | D:3      | 1762 ||| INVOKING Spit Poison.
  1765 | D:3      | 1765 ||| INVOKING Spit Poison.
  1776 | D:3      | Found Zyrghik's Armour Shoppe.
  1790 | D:3      | 1790 ||| INVOKING Spit Poison.
  1792 | D:3      | 1792 ||| READING 2 scrolls of identify.
  1792 | D:3      | 1792 ||| IDENTIFYING fuming cyan potion
  1823 | D:3      | 1823 ||| INVOKING Spit Poison.
  1830 | D:3      | Reached skill level 3 in Fighting
  1848 | D:3      | Found Vugueg's Distillery.
  1855 | D:3      | 1855 ||| BUYING potion of curing (42 gold).
  1855 | D:3      | Bought a potion of curing for 42 gold pieces
  1855 | D:3      | 1855 ||| BUYING potion of curing (42 gold).
  1855 | D:3      | Bought a potion of curing for 42 gold pieces
  1855 | D:3      | 1855 ||| SHOPLISTING potion of haste (140 gold, have 9).
  1855 | D:3      | 1855 ||| SHOPLISTING potion of heal wounds (70 gold, have
                  | 9).
  1855 | D:3      | 1855 ||| SHOPLISTING potion of mutation (112 gold, have 9).
  1867 | D:3      | 1867 ||| INVOKING Spit Poison.
  1879 | D:3      | 1879 ||| INVOKING Spit Poison.
  1882 | D:3      | 1882 ||| INVOKING Spit Poison.
  1885 | D:3      | 1885 ||| INVOKING Spit Poison.
  2012 | D:3      | Found Qidunieng's Distillery.
  2016 | D:3      | 2016 ||| INVOKING Spit Poison.
  2020 | D:3      | 2020 ||| SHOPLISTING potion of curing (39 gold, have 16).
  2020 | D:3      | 2020 ||| SHOPLISTING potion of haste (130 gold, have 16).
  2020 | D:3      | 2020 ||| SHOPLISTING potion of heal wounds (65 gold, have
                  | 16).
  2020 | D:3      | 2020 ||| SHOPLISTING potion of might (52 gold, have 16).
  2088 | D:3      | 2088 ||| INVOKING Spit Poison.
  2091 | D:3      | 2091 ||| INVOKING Spit Poison.
  2093 | D:3      | 2093 ||| INVOKING Spit Poison.
  2096 | D:3      | Reached XP level 5. HP: 36/49 MP: 5/5
  2097 | D:3      | 2097 ||| INVOKING Spit Poison.
  2126 | D:3      | 2126 ||| FLEEEEING.
  2132 | D:3      | 2132 ||| STAIRDANCE
  2171 | D:2      | 2171 ||| READING scroll labelled RIQIKHEFIZ.
  2172 | D:2      | 2172 ||| READING 2 scrolls of identify.
  2172 | D:2      | 2172 ||| IDENTIFYING metallic grey potion
  2173 | D:2      | 2173 ||| DROPPING potion of magic.
  2180 | D:3      | 2180 ||| INVOKING Spit Poison.
  2181 | D:3      | 2181 ||| Stepping ~*~*~tactically~*~*~ (outnumbered).
  2185 | D:3      | 2185 ||| INVOKING Spit Poison.
  2189 | D:3      | 2189 ||| INVOKING Spit Poison.
  2248 | D:3      | 2248 ||| INVOKING Spit Poison.
  2288 | D:3      | 2288 ||| INVOKING Spit Poison.
  2291 | D:3      | 2291 ||| INVOKING Spit Poison.
  2338 | D:3      | 2338 ||| INVOKING Spit Poison.
  2379 | D:3      | 2379 ||| UPGRADING to +0 helmet.
  2405 | D:4      | 2405 ||| PLANNING OSSUARY
  2433 | D:4      | 2433 ||| INVOKING Spit Poison.
  2518 | D:4      | Noticed an ice beast
  2522 | D:4      | Killed an ice beast
  2523 | D:4      | Reached skill level 6 in Ranged Weapons
  2523 | D:4      | Reached XP level 6. HP: 44/56 MP: 6/6
  2675 | D:4      | 2675 ||| INVOKING Spit Poison.
  2677 | D:4      | 2677 ||| INVOKING Spit Poison.
  2677 | D:4      | Noticed Pikel
  2679 | D:4      | 2679 ||| INVOKING Spit Poison.
  2682 | D:4      | 2682 ||| INVOKING Spit Poison.
  2683 | D:4      | HP: 13/56 [Pikel/+0 whip of electrocution (19)]
  2683 | D:4      | Slain by Pikel

Levels and vault maps discovered:
D:1:      scummos_arrival_simple_crosswalls, layout_loops_ring,
          serial_bayou_pond_e, minmay_pentomino_x4
D:2:      layout_loops_corners
D:3:      layout_rooms, serial_shops, shop, nicolae_shop_waterfront, shop, shop,
          minmay_cut_off
D:4:      layout_loops_corners, nicolae_ossuary_entry_giza, serial_shops, shop,
          chequers_serial_rivers_small_a, uniq_pikel

Skill      XL: |  1  2  3  4  5 |
---------------+----------------+-----
Ranged Weapons | 4 5 6 |  6.4
Fighting       | 3 |  3.2
Dodging        | |  1.5
Stealth        | |  1.5

Action                     |  1- 3 |  4- 6 || total
---------------------------+-------+-------++-------
   Fire: Shortbow          |    69 |     3 ||    72
         Longbow           |       |    77 ||    77
Ability: Spit Poison       |    29 |    34 ||    63
    Use: Scroll            |     3 |     5 ||     8
         Potion            |     1 |       ||     1
 Armour: Leather armour    |     5 |    10 ||    15
  Dodge: Dodged            |    23 |    52 ||    75

Table legend:
 A = Non-vault XP
 B = Vault XP
 C = Vault XP percentage of total XP
 D = Non-vault monster count
 E = Vault monster count
 F = Vault count percentage of total count
                 A         B        C        D         E       F
            +---------+---------+-------+---------+---------+-------
      Total |     441 |      13 |   2.9 |      92 |       7 |   7.1
            +---------+---------+-------+---------+---------+-------
        D:1 |      42 |       8 |  16.0 |      25 |       4 |  13.8
        D:2 |      45 |       0 |   0.0 |      19 |       0 |   0.0
        D:3 |     189 |       5 |   2.6 |      38 |       3 |   7.3
        D:4 |     165 |       0 |   0.0 |      10 |       0 |   0.0
            +---------+---------+-------+---------+---------+-------
